Map: [ESL] Hard Lead

Players

eGGz

  • Race: Zerg Zerg
  • Spawn Location: 11:00

Kelazhur - Winner!

  • Race: Terran Terran
  • Spawn Location: 5:00

Event: ESL SC2 Masters 2023 Winter (Regional)

VOD

Have the link to the VOD?

Description

Time

  • Played on: Nov. 11, 2023, 1:48 p.m.
  • Length: 6:54

All games in this series

Show
View Real Time Build Order
Export as new Build Order

eGGz Zerg 

Build Orders: Pool First 

Get SALT Encoding   

  12  0:00  Drone  
  12  0:06  Extractor  
  12  0:23  Spawning Pool  
  12  0:28  Drone  
  12  0:34  Drone  
  13  0:40  Drone  
  14  0:52  Overlord  
  14  1:10  Zergling x4  
  16  1:11  Zergling x2  
  16  1:13  Metabolic Boost  
  17  1:23  Zergling x2  
  18  1:33  Zergling x2  
  19  1:44  Hatchery  
  18  1:57  Queen  
  21  2:08  Zergling x4  
  22  2:18  Baneling Nest  
  21  2:28  Spore Crawler  
  21  2:42  Zergling x2  
  21  2:48  Zergling x4  
  20  2:56  Zergling x2  
  21  3:01  Zergling x2  
  22  3:09  Drone  
  22  3:13  Drone x3  
  22  3:14  Drone  
  26  3:20  Drone  
  26  3:23  Baneling x2  
  26  3:25  Baneling  
  27  3:32  Drone  
  28  3:37  Overlord  
  27  3:54  Overlord  
  27  3:55  Zergling x8  
  31  3:58  Zergling x2  
  30  4:08  Zergling x4  
  30  4:19  Drone  
  30  4:22  Drone x2  
  30  4:23  Drone x2  
  34  4:28  Drone  
  35  4:33  Drone x2  
  37  4:41  Drone  
  38  4:46  Queen  
  40  4:56  Lair  
  40  4:57  Drone  
  41  5:00  Extractor  
  41  5:01  Drone  
  41  5:04  Drone  
  42  5:10  Drone x2  
  40  5:22  Drone x3  
  40  5:23  Overlord  
  40  5:25  Overlord  
  43  5:35  Overlord  
  43  5:38  Extractor  
  43  5:40  Extractor, Zergling x4  
  43  5:41  Zergling x2  
  43  5:42  Zergling x2  
  45  5:44  Zergling x2  
  41  5:54  Zergling x4  
  26  6:20  Zergling x4  
  26  6:22  Spire  
  27  6:26  Zergling x4  
Show
View Real Time Build Order
Export as new Build Order

Kelazhur Terran - Winner!

Build Orders:  

Get SALT Encoding   

  12  0:00  SCV  
  13  0:12  SCV  
  14  0:17  Supply Depot  
  14  0:24  SCV  
  15  0:39  SCV  
  15  0:40  Barracks  
  16  0:43  Refinery  
  16  0:51  SCV  
  17  1:00  Barracks  
  17  1:03  SCV  
  18  1:15  SCV  
  19  1:20  Barracks  
  19  1:28  Refinery  
  19  1:29  Reaper  
  20  1:42  Orbital Command  
  20  1:47  Reaper  
  21  1:53  Supply Depot  
  21  2:02  Reaper  
  23  2:08  Reaper  
  23  2:15  SCV  
  24  2:17  Supply Depot  
  24  2:19  Reaper  
  25  2:27  SCV  
  26  2:34  Reaper  
  27  2:39  SCV  
  27  2:41  Reaper  
  26  2:51  Reaper, Engineering Bay  
  18  2:59  SCV  
  19  3:06  Reaper  
  19  3:11  SCV  
  21  3:15  Reaper  
  22  3:23  SCV  
  22  3:26  Reaper  
  24  3:35  SCV  
  24  3:38  Reaper  
  26  3:47  SCV, Reaper  
  28  3:53  Supply Depot  
  28  3:58  Reaper  
  28  3:59  SCV  
  29  4:10  Reaper  
  29  4:11  SCV  
  31  4:22  Reaper  
  31  4:23  SCV  
  28  4:35  SCV  
  29  4:39  Reaper  
  29  4:42  Reaper  
  31  4:47  Command Center  
  31  4:50  SCV  
  33  5:01  Barracks Tech Lab  
  33  5:02  SCV  
  34  5:14  SCV  
  34  5:25  Barracks Reactor, Marine  
  34  5:26  Barracks Reactor, SCV  
  36  5:32  Supply Depot  
  36  5:38  SCV  
  37  5:43  Marine  
  38  5:50  SCV  
  37  6:01  Marine  
  37  6:02  SCV, Orbital Command  
  37  6:03  Marine x2  
  37  6:04  Marine x2  
  41  6:14  SCV  
  42  6:19  Marine  
  42  6:20  Factory  
  42  6:21  Marine x2  
  42  6:24  Marine x2  
  47  6:26  SCV  
  48  6:39  SCV  
  54  6:49  Supply Depot  
Tags
 
Add a new tag
Caveats
  • Supply blocks, unpowered buildings, or Contaminate may cause inaccurate times.
  • Supply counts are checked every 10 seconds.